Match 46776712
Unlisted

Match 46776712
End
Construct Barracks
Riflemen Squad
Riflemen Squad
Mechanized Support Center
Engineer Squad
Construct Weapon Support Center
Selects Heavy Weapons
M3 Armored Personnel Carrier
Selects Assault Carriers
M3 Assault Carrier
Bazooka Squad
Improved M9 Bazooka Rockets
Designate Forward Repair Station
Construct Motor Pool
M1 Anti-tank Gun Team
M1 Anti-tank Gun Team
M1919 Machine Gun Team
Selects M2HB .50cal Heavy Machine Gun
AI Takeover
Bruistablet
Dharx
CYB/R
judge789
0
0

Comments sign in to comment!

No comments posted yet!